AoeStats
← Jaguar_Negro

Arena

508807643Analyzed
1v1 RM · 9d ago on Sep 24, 2026· 78m 38s· 2 players
Game mode
Random Map
Map size
Tiny (2 player)
Population
200
Speed
Normal
Resources
Standard
Victory
Conquest
Starting age
Dark Age
Ending age
Imperial Age
RankedLock teamsTeams togetherTeam positionsShared explorationLock speedFull tech treeHidden civsTurbo modeCheats
Victory
Defeat
🇲🇽 Berbers · Mexico
950
+14
🇩🇪 Huns · Germany
906
-14
saschauli
9:45 Feudal Age
10:13 Double-Bit Axe
10:22 Gold Mining
10:22 Horse Collar
18:28 Castle Age
17:12 Forging
17:43 Scale Barding Armor
18:43 Bloodlines
18:36 Fletching
20:24 Bodkin Arrow
21:49 Bow Saw
22:15 Heavy Plow
22:24 Husbandry
23:35 Loom
24:06 Squires
26:19 Light Cavalry
30:30 Gold Shaft Mining
34:10 Imperial Age
32:09 Ballistics
34:30 Iron Casting
34:49 Chain Barding Armor
36:13 Conscription
36:37 Pikeman
39:29 Blast Furnace
40:53 Two-Man Saw
41:26 Hussar
45:06 Marauders
47:32 Halberdier
48:17 Scale Mail Armor
50:18 Wheelbarrow
50:20 Chain Mail Armor
50:25 Town Watch
51:50 Plate Barding Armor
53:51 Hand Cart
53:51 Bracer
55:04 Elite Tarkan
66:31 Town Patrol
Jaguar_Negro
9:37 Loom
11:24 Feudal Age
15:38 Castle Age
15:44 Double-Bit Axe
15:40 Horse Collar
15:51 Gold Mining
17:56 Bow Saw
18:35 Fletching
21:37 Bloodlines
21:37 Bodkin Arrow
22:48 Padded Archer Armor
25:13 Ballistics
25:30 Leather Archer Armor
27:06 Forging
27:30 Thumb Ring
29:18 Iron Casting
29:36 Wheelbarrow
31:39 Heavy Plow
31:59 Husbandry
35:44 Imperial Age
34:57 Hand Cart
34:44 Light Cavalry
35:31 Scale Barding Armor
36:43 Chain Barding Armor
38:43 Bracer
40:22 Plate Barding Armor
43:28 Blast Furnace
41:59 Hussar
43:02 Siphons
49:08 Gold Shaft Mining
49:49 Conscription
52:38 Ring Archer Armor
52:09 Stone Mining
54:09 Town Watch
55:01 Crop Rotation
56:13 Hoardings
56:29 Elite Camel Archer
60:58 Chemistry
65:10 Kasbah
65:11 Maghrebi Camels
Connection lost

Rejoining the realm…

Still unreachable

The connection could not be restored.

Session expired

The server has moved on; the page needs a fresh start.